 Dungeon Sprint DCSS version 0.17-a0-877-ga10078a (webtiles) character file.

9233 ahoge the Bludgeoner (level 11, -4/80 HPs)
             Began as a Gargoyle Fighter on Apr 30, 2015.
             Was a High Priest of Okawaru.
             Killed by nerve-wracking pain
             ... invoked by an orc high priest
              (14 damage)
             ... in the Dungeon (Sprint IX: "|||||||||||||||||||||||||||||").
             The game lasted 00:09:09 (1469 turns).

ahoge the Bludgeoner (Gargoyle Fighter)             Turns: 1469, Time: 00:09:09

Health: -4/80      AC: 17    Str: 28    XL:     11   Next: 43%
Magic:  10/15      EV: 17    Int: 17    God:    Okawaru [*****.]
Gold:   1262       SH: 15    Dex: 12    Spells: 0 memorised, 10 levels left

rFire  . . .     SeeInvis .     g - +1 morningstar "Irot" {pain, Noisy MR- Str+4 Int+4}
rCold  . . .     Clarity  .     s - +1 chain mail
rNeg   + . .     SustAb   .     c - +0 shield
rPois  ∞         Gourm    .     (no helmet)
rElec  +         Spirit   .     B - +0 cloak
rCorr  .         Warding  .     r - +0 pair of gloves
rMut   .         NoTele   +     (no boots)
MR     .....                    (no amulet)
Stlth  ..........               u - +3 ring of intelligence
                                t - +2 ring of evasion

@: mighty, heroism, finesse, corroded equipment, not resistant to hostile
enchantments, extremely unstealthy
A: hooves 1, slimy green scales 1, negative energy resistance 1, electricity
resistance, unbreathing, petrification resistance, rot immunity, AC +7
a: Heroism, Finesse, Renounce Religion


You were in the Dungeon.
You worshipped Okawaru.
Okawaru was extremely pleased with you.
You were hungry.

You visited 1 branch You collected 1262 gold pieces.

Inventory:

Hand weapons
 a - a +0 flail
 g - the +1 morningstar "Irot" (weapon) {pain, Noisy MR- Str+4 Int+4}
   (Okawaru gifted it to you in the Dungeon)

   In the hands of one skilled in necromantic magic, it inflicts extra damage on
   living creatures.
   It affects your strength (+4).
   It affects your intelligence (+4).
   It affects your resistance to hostile enchantments.
   It may make noises in combat.
 q - a +2 dire flail of protection
 C - a +0 whip of venom
Armour
 c - a +0 shield (worn)
 r - a +0 pair of gloves (worn)
 s - a +1 chain mail (worn)
 w - a troll hide
 B - a +0 cloak (worn)
Jewellery
 t - a +2 ring of evasion (left hand)
 u - a +3 ring of intelligence (right hand)
Magical devices
 p - a wand of draining (7)
Scrolls
 k - 2 scrolls of blinking
 n - 6 scrolls of remove curse
 o - 2 scrolls of amnesia
 x - 3 scrolls of recharging
 y - 2 scrolls of identify
 z - 2 scrolls of enchant weapon
Potions
 b - a potion of brilliance
 f - 7 potions of curing
 h - a potion of haste
 i - 4 potions of magic
 m - a potion of invisibility
Comestibles
 e - 14 bread rations
 j - 8 chunks of flesh
 l - 40 fruits
 v - a beef jerky
 A - 12 meat rations


   Skills:
 + Level 14.8(19.8) Fighting
 + Level 15.4(20.4) Maces & Flails
 + Level 11.6(16.6) Armour
 + Level 8.3(13.3) Dodging
 + Level 11.7(16.7) Shields
 + Level 5.4 Invocations


You had 10 spell levels left.
You didn't know any spells.

Dungeon Overview and Level Annotations

Branches:
Dungeon (1/1)

Altars:
Cheibriados
Dithmenos
Elyvilon
Fedhas
Gozag
Kikubaaqudgha
Makhleb
Nemelex Xobeh
Okawaru
Qazlal
Ru
Sif Muna
Trog
Vehumet
Xom
Yredelemnul
Zin
The Shining One
Beogh
Jiyva
Lugonu

Shops:
D [=?


Innate Abilities, Weirdness & Mutations

You are resistant to torment.
Your stone body is resilient (AC +7).
You are immune to poison.
You resist negative energy.
You are resistant to electric shocks.
You can survive without breathing.
You are immune to petrification.
You are immune to rotting.
You have large cloven feet.
You are partially covered in slimy green scales (AC +2).


Message History

You see here 50 gold pieces.
Your chain mail prevents you from hitting the chaos spawn.
You kick the chaos spawn!
The chaos spawn is moderately wounded.
The chaos spawn hits you but does no damage.
You bludgeon the chaos spawn!!
You kill the chaos spawn!
The chaos spawn degenerates into a cloud of primal chaos!
The orc high priest shouts, "You are a heretic and must be destroyed!"
You skewer the orc high priest like a kebab!!!
You hear a shout.
The orc high priest is severely wounded.
You miss the orc high priest. You kick the orc high priest!
The orc high priest is almost dead.
You bludgeon the orc high priest!!
You kill the orc high priest!
Okawaru is honoured by your kill.
The orc high priest invokes the aid of Beogh against you.
Pain shoots through your body!
You die...

▓_▓.▓.▓.▓)▓
▓_▓.▓.▓.▓)▓
▓_▓.▓.▓.▓)▓
▓_▓.▓.▓.▓.▓
▓_▓.▓.▓.▓.▓
▓'▓.▓.▓.▓.▓
▓.▓.▓.▓.▓)▓
▓.▓.▓÷▓.▓)▓
▓|▓.▓.▓.▓@▓
▓)▓.▓.▓.▓§▓
▓[▓.▓.▓.▓o▓
▓.▓.▓.▓.▓o▓
▓.▓.▓.▓.▓∩▓
▓.▓.▓.▓.▓o▓
▓(▓.▓.▓)▓o▓
▓(▓.▓.▓.▓.▓
▓)▓.▓.▓.▓∩▓


You could see 3 orc knights and an orc high priest.

Vanquished Creatures
  A death yak (D)
  Sonja (D)
  4 orc high priests (D)
  An unseen horror (D)
  3 spiny frogs (D)
  A rust devil (D)
  A black mamba (D)
  An orange demon (D)
  A hellwing (D)
  A komodo dragon (D)
  A red devil (D)
  A troll (D)
  A boulder beetle (D)
  A yak (D)
  A chaos spawn (D)
  A hungry ghost (D)
  2 wargs (D)
  5 wolves (D)
  A hell hound (D)
  A porcupine (D)
  A water moccasin (D)
  An eye of draining (D)
  2 sky beasts (D)
  12 orc warriors (D)
  A phantom (D)
  A centaur (D)
  A brain worm (shapeshifter) (D)
  A big kobold (D)
  A hound (D)
  3 orc priests (D)
  3 orc wizards (D)
  An iguana (D)
  3 river rats (D)
  9 orcs (D)
  A bat (D)
  A giant cockroach (D)
  2 hobgoblins (D)
  A kobold (D)
  A ball python (D)
  A giant newt (D)
  2 rats (D)
79 creatures vanquished.

Vanquished Creatures (others)
  A yak (D)
  A porcupine (D)
  A crocodile (D)
  A sheep (D)
4 creatures vanquished.

Grand Total: 83 creatures vanquished

Notes
Turn   | Place    | Note
--------------------------------------------------------------
     0 | D        | ahoge, the Gargoyle Fighter, began the quest for the Orb.
     0 | D        | Reached XP level 1. HP: 14/14 MP: 1/1
    19 | D        | Reached skill level 4 in Shields
    29 | D        | Noticed a phantom
    49 | D        | Killed a phantom
    49 | D        | Reached skill level 5 in Fighting
    49 | D        | Reached skill level 5 in Armour
    49 | D        | Reached skill level 1 in Dodging
    49 | D        | Reached skill level 6 in Shields
    49 | D        | Reached XP level 2. HP: 11/21 MP: 2/2
    49 | D        | Reached XP level 3. HP: 13/26 MP: 3/3
    49 | D        | Reached XP level 4. HP: 15/31 MP: 4/4
    67 | D        | Found a glowing silver altar of Zin.
    67 | D        | Found a glowing golden altar of the Shining One.
    67 | D        | Found an ancient bone altar of Kikubaaqudgha.
    67 | D        | Found a basalt altar of Yredelemnul.
    67 | D        | Found a shimmering altar of Xom.
    67 | D        | Found a radiant altar of Vehumet.
    67 | D        | Found an iron altar of Okawaru.
    68 | D        | Found a burning altar of Makhleb.
    69 | D        | Found a deep blue altar of Sif Muna.
    70 | D        | Found a bloodstained altar of Trog.
    71 | D        | Found a sparkling altar of Nemelex Xobeh.
    72 | D        | Found a white marble altar of Elyvilon.
    73 | D        | Found a roughly hewn altar of Beogh.
    74 | D        | Found a viscous altar of Jiyva.
    75 | D        | Found a corrupted altar of Lugonu.
    76 | D        | Became a worshipper of Warmaster Okawaru
    77 | D        | Found a blossoming altar of Fedhas.
    78 | D        | Found a snail-covered altar of Cheibriados.
    79 | D        | Found a shadowy altar of Dithmenos.
    80 | D        | Found a stormy altar of Qazlal.
    81 | D        | Found an opulent altar of Gozag.
    82 | D        | Found a sacrificial altar of Ru.
   133 | D        | Noticed a centaur
   133 | D        | Noticed a hungry ghost
   133 | D        | Noticed an eye of draining
   141 | D        | Killed a centaur
   141 | D        | Reached skill level 7 in Shields
   141 | D        | Reached XP level 5. HP: 25/37 MP: 0/5
   146 | D        | Killed a hungry ghost
   146 | D        | Acquired Okawaru's first power
   146 | D        | Reached skill level 5 in Maces & Flails
   146 | D        | Reached skill level 8 in Shields
   146 | D        | Reached XP level 6. HP: 30/44 MP: 0/6
   156 | D        | Killed an eye of draining
   156 | D        | Reached skill level 9 in Shields
   168 | D        | Killed an unseen horror
   168 | D        | Reached skill level 5 in Dodging
   168 | D        | Reached skill level 10 in Shields
   168 | D        | Reached XP level 7. HP: 17/51 MP: 1/7
   168 | D        | Reached XP level 8. HP: 18/56 MP: 1/8
   376 | D        | Noticed a soldier ant
   376 | D        | Noticed a sky beast
   376 | D        | Noticed a hound
   376 | D        | Noticed a big kobold
   376 | D        | Noticed a sky beast
   376 | D        | Noticed a troll
   384 | D        | a soldier ant changed into a brain worm
   392 | D        | Killed a sky beast
   397 | D        | Killed a hound
   413 | D        | Killed a big kobold
   417 | D        | Killed a sky beast
   424 | D        | Killed a troll
   424 | D        | Reached skill level 10 in Fighting
   424 | D        | Reached skill level 11 in Shields
   440 | D        | Gained mutation: You are partially covered in slimy green scales (AC +2). [mutagenic meat]
   441 | D        | Gained mutation: You have large cloven feet. [mutagenic meat]
   442 | D        | Gained mutation: Scrolls take you a little longer to read. [mutagenic meat]
   443 | D        | Lost mutation: Scrolls take you a little longer to read. [mutagenic meat]
   554 | D        | Noticed an iguana
   554 | D        | Noticed a black mamba
   554 | D        | Noticed a spiny frog
   554 | D        | Noticed a yak
   554 | D        | Noticed a spiny frog
   555 | D        | Noticed a death yak
   559 | D        | Killed an iguana
   561 | D        | Noticed a water moccasin
   563 | D        | Killed a black mamba
   563 | D        | Reached skill level 10 in Maces & Flails
   563 | D        | Reached skill level 1 in Invocations
   563 | D        | Reached XP level 9. HP: 62/62 MP: 6/9
   573 | D        | Killed a spiny frog
   586 | D        | Killed a death yak
   586 | D        | Reached skill level 10 in Armour
   594 | D        | Killed a yak
   600 | D        | Killed a spiny frog
   600 | D        | Acquired Okawaru's second power
   612 | D        | Killed a water moccasin
   630 | D        | Noticed a komodo dragon
   630 | D        | Noticed a crocodile
   630 | D        | Noticed a yak
   630 | D        | Noticed a porcupine
   630 | D        | Noticed a boulder beetle
   632 | D        | Noticed a spiny frog
   636 | D        | Killed a porcupine
   638 | D        | Killed a yak
   639 | D        | Noticed a porcupine
   639 | D        | Killed a komodo dragon
   639 | D        | Reached skill level 12 in Maces & Flails
   639 | D        | Reached XP level 10. HP: 48/71 MP: 8/11
   642 | D        | Killed a crocodile
   658 | D        | Killed a boulder beetle
   664 | D        | Killed a spiny frog
   667 | D        | Killed a porcupine
   879 | D        | Noticed a hell hound
   879 | D        | Noticed a warg
   879 | D        | Noticed a wolf
   879 | D        | Noticed a wolf
   879 | D        | Noticed a wolf
   884 | D        | Noticed a wolf
   890 | D        | Noticed a warg
   891 | D        | Killed a hell hound
   891 | D        | Reached skill level 13 in Maces & Flails
   892 | D        | Killed a wolf
   893 | D        | Noticed a wolf
   894 | D        | Killed a wolf
   895 | D        | Killed a wolf
   905 | D        | Killed a warg
   913 | D        | Killed a warg
   917 | D        | Killed a wolf
   923 | D        | Killed a wolf
   991 | D        | Noticed Sonja
  1003 | D        | Killed Sonja
  1065 | D        | Noticed an orc wizard
  1065 | D        | Noticed an orc wizard
  1065 | D        | Noticed an orc warrior
  1065 | D        | Noticed an orc wizard
  1067 | D        | Noticed an orc warrior
  1073 | D        | Killed an orc wizard
  1075 | D        | Killed an orc wizard
  1080 | D        | Killed an orc warrior
  1084 | D        | Killed an orc warrior
  1084 | D        | Reached skill level 14 in Maces & Flails
  1089 | D        | Killed an orc wizard
  1090 | D        | Noticed an orc priest
  1110 | D        | Killed an orc priest
  1153 | D        | Noticed an orc warrior
  1153 | D        | Noticed an orc priest
  1153 | D        | Noticed an orc warrior
  1153 | D        | Noticed an orc warrior
  1153 | D        | Noticed an orc warrior
  1153 | D        | Noticed an orc priest
  1153 | D        | Noticed an orc warrior
  1155 | D        | Noticed an orc warrior
  1167 | D        | Killed an orc warrior
  1168 | D        | Noticed an orc warrior
  1177 | D        | Killed an orc warrior
  1181 | D        | Killed an orc priest
  1182 | D        | Noticed an orc warrior
  1186 | D        | Noticed an orc warrior
  1190 | D        | Killed an orc warrior
  1190 | D        | Received a gift from Okawaru
  1191 | D        | Noticed an orc warrior
  1199 | D        | Killed an orc warrior
  1204 | D        | Killed an orc warrior
  1209 | D        | Killed an orc warrior
  1209 | D        | Reached XP level 11. HP: 37/79 MP: 13/13
  1215 | D        | Killed an orc warrior
  1223 | D        | Killed an orc warrior
  1228 | D        | Killed an orc warrior
  1228 | D        | Killed an orc priest
  1235 | D        | Killed an orc warrior
  1251 | D        | Got a steaming morningstar {god gift}
  1252 | D        | Identified the +1 morningstar "Irot" {pain, Noisy MR- Str+4 Int+4} (Okawaru gifted it to you in the Dungeon)
  1421 | D        | Found Loklus's Armour Emporium.
  1421 | D        | Noticed an orc high priest
  1421 | D        | Noticed an orc high priest
  1421 | D        | Noticed an orc high priest
  1421 | D        | Noticed an orc high priest
  1421 | D        | Noticed an orc high priest
  1421 | D        | Noticed an orc knight
  1426 | D        | Killed an orc high priest
  1427 | D        | Found Difas's Jewellery Shoppe.
  1427 | D        | Noticed an orc knight
  1436 | D        | Killed an orc high priest
  1436 | D        | Reached skill level 15 in Maces & Flails
  1441 | D        | Killed an orc high priest
  1441 | D        | Reached skill level 5 in Invocations
  1442 | D        | Noticed an orc knight
  1464 | D        | Found Hoqosox's Magic Scroll Emporium.
  1469 | D        | Killed an orc high priest
  1469 | D        | Killed from afar by an orc high priest

Action                   |  1- 3 |  4- 6 |  7- 9 | 10-12 || total
-------------------------+-------+-------+-------+-------++-------
Melee: Flail             |    35 |    11 |       |       ||    46
       Dire flail        |       |    33 |   111 |   103 ||   247
       Whip              |       |       |       |    67 ||    67
       Morningstar       |       |       |       |    42 ||    42
Invok: Heroism           |       |       |     3 |     6 ||     9
       Finesse           |       |       |       |     1 ||     1
  Use: Potion            |       |       |       |     8 ||     8
  Eat: Chunk             |       |       |     4 |     3 ||     7
